 Dungeon Crawl Stone Soup version 0.30-a0-358-g0d69a1922f (webtiles) character file.

Game seed: 10009209588020203121

234 quakins the Skirmisher (level 5, 0/28 HPs)
             Began as a Deep Elf Hexslinger on Nov 9, 2022.
             Slain by a scorpion (6 damage)
             ... on level 5 of the Dungeon.
             The game lasted 00:04:31 (1724 turns).

quakins the Skirmisher (Deep Elf Hexslinger)        Turns: 1724, Time: 00:04:32

Health: 0/28       AC:  3    Str:  7    XL:     5   Next: 75%
Magic:  9/9        EV: 13    Int: 18    God:
Gold:   70         SH:  0    Dex: 17    Spells: 6/7 levels left

rFire   . . .      SeeInvis .    a - +1 sling
rCold   . . .      Faith    .    (no shield)
rNeg    . . .      Spirit   .    c - +0 robe
rPois   .          Reflect  .    (no helmet)
rElec   .          Harm     .    (no cloak)
rCorr   +          Rampage  .    (no gloves)
Will    .....                    f - +0 pair of boots
Stlth   ++........               (no amulet)
HPRegen 0.24/turn                i - ring of resist corrosion
MPRegen 0.11/turn                l - +4 ring of slaying

@: lethally poisoned (0 -> -4)
A: no striking features
a: no special abilities


You were on level 5 of the Dungeon.
You visited 1 branch of the dungeon, and saw 5 of its levels.

You collected 70 gold pieces.

Inventory:

Hand Weapons
 a - a +1 sling (weapon)
Armour
 c - a +0 robe (worn)
 f - a +0 pair of boots (worn)
Jewellery
 i - a ring of resist corrosion (left hand)
 l - a +4 ring of slaying (right hand)
Scrolls
 b - 2 scrolls of poison
 d - 6 scrolls of identify {unknown}
 h - 2 scrolls of teleportation {unknown}
 j - a scroll of noise {unknown}
 k - a scroll of enchant armour {unknown}
Potions
 e - a potion of flight


   Skills:
 - Level 0.7 Fighting
 + Level 8.1 Ranged Weapons
 - Level 2.4 Dodging
 - Level 1.5 Spellcasting
 - Level 4.0 Hexes


You had 6 spell levels left.
You knew the following spells:

 Your Spells              Type           Power      Damage    Failure   Level
a - Slow                  Hex            60%        N/A       3%          1

Your spell library contained the following spells:

 Spells                   Type           Power      Damage    Failure   Level
 Inner Flame              Hex/Fire       8%         N/A       26%         3
 Portal Projectile        Hex/Tloc       16%        N/A       26%         3
 Cause Fear               Hex            7%         N/A       36%         4


Dungeon Overview and Level Annotations

Branches:
Dungeon (5/15)
 Temple: D:4-7

Altars:

Shops:
D:1 =

Annotations:
D:2 Terence


Message History

The sling bullet barely misses the scorpion.
The scorpion completely misses you. The scorpion stings you!
You are poisoned.
The scorpion poisons you!
Fire: a) +1 sling
Press: ? - help, Q - select action, (/) - cycle Shift-Dir - straight line, f/p - scorpion
Aim: a scorpion (severely wounded, 67% to hit)
You shoot a sling bullet.
The sling bullet barely misses the scorpion.
You feel very sick.
The scorpion stings you but does no damage.
Fire: a) +1 sling
Press: ? - help, Q - select action, (/) - cycle Shift-Dir - straight line, f/p - scorpion
Aim: a scorpion (severely wounded, 67% to hit)
You shoot a sling bullet.
The sling bullet closely misses the scorpion.
You feel very sick. The scorpion barely misses you.
Fire: a) +1 sling
Press: ? - help, Q - select action, (/) - cycle Shift-Dir - straight line, f/p - scorpion
Aim: a scorpion (severely wounded, 67% to hit)
You shoot a sling bullet.
The sling bullet barely misses the scorpion.
You feel sick. The scorpion stings you.
Fire: a) +1 sling
Press: ? - help, Q - select action, (/) - cycle Shift-Dir - straight line, f/p - scorpion
Aim: a scorpion (severely wounded, 67% to hit)
You shoot a sling bullet. The sling bullet hits the scorpion.
The scorpion is severely wounded.
You feel sick.
The scorpion stings you but does no damage.
Fire: a) +1 sling
Press: ? - help, Q - select action, (/) - cycle Shift-Dir - straight line, f/p - scorpion
Aim: a scorpion (severely wounded, 67% to hit)
You shoot a sling bullet.
The sling bullet closely misses the scorpion.
You feel sick. The scorpion stings you.
* * * LOW HITPOINT WARNING * * *
The scorpion stings you.
You die...

# .. #.## #.
.....#. .....#.##
## ......... ..
.....#..###.###.#
........s@.......
....#..###.###.#
. #..# #.#
#..###.# #...##.#
.# ##..##.# #.#
#.....# #.##
#.##..# #..
...##..# #.#


You could see a scorpion.

Vanquished Creatures
  A phantom (D:5)
  A scorpion (D:5)
  A hound (D:4)
  A gnoll (D:1)
  2 adders (D:3)
  2 dart slugs
  An orc (D:5)
  2 ball pythons (D:2)
  4 endoplasms
  A giant cockroach (D:3)
  7 goblins
  4 hobgoblins
  A kobold (D:1)
  2 quokkas (D:1)
  4 bats (D:1)
  2 frilled lizards
36 creatures vanquished.

Notes
Turn   | Place    | Note
-------+----------+-------------------------------------------
     0 | D:1      | quakins the Deep Elf Hexslinger began the quest for the
                  | Orb.
     0 | D:1      | Reached XP level 1. HP: 11/11 MP: 5/5
    74 | D:1      | Reached skill level 3 in Ranged Weapons
   119 | D:1      | Reached XP level 2. HP: 16/16 MP: 6/6
   241 | D:1      | Reached skill level 4 in Ranged Weapons
   379 | D:1      | Reached XP level 3. HP: 3/20 MP: 7/7
   486 | D:1      | Found Cugaor's One-of-a-Kind Rings.
  1097 | D:2      | Reached skill level 5 in Ranged Weapons
  1240 | D:2      | Noticed Terence
  1432 | D:3      | You fall into a shaft and drop 2 floors!
  1432 | D:5      | Entered Level 5 of the Dungeon
  1472 | D:4      | Noticed a scorpion
  1472 | D:4      | Noticed an ogre
  1503 | D:4      | Reached skill level 6 in Ranged Weapons
  1503 | D:4      | Reached XP level 4. HP: 24/24 MP: 8/8
  1604 | D:5      | Noticed a scorpion
  1619 | D:5      | Killed a scorpion
  1620 | D:5      | Reached skill level 7 in Ranged Weapons
  1620 | D:5      | Reached XP level 5. HP: 6/28 MP: 9/9
  1644 | D:5      | Noticed a phantom
  1660 | D:5      | Killed a phantom
  1661 | D:5      | Reached skill level 8 in Ranged Weapons
  1724 | D:5      | Slain by a scorpion

Illustrated notes

Levels and vault maps discovered:
D:1:      minmay_arrival_split_and_join, layout_loops_ring, minivault_23,
          nicolae_shop_unique_rings, chequers_serial_rivers_large_b
D:2:      layout_rooms, uniq_terence
D:3:      layout_basic, lemuel_coloured_pillars_altar, serial_shops,
          nicolae_shop_statue_plus, shop, nicolae_shop_trees,
          nicolae_shop_behind_doors, minmay_box_of_dots
D:4:      layout_loops_ring
D:5:      layout_basic

Skill      XL: |  1  2  3  4  5 |
---------------+----------------+-----
Ranged Weapons | 3 4 6 7 8 |  8.1
Fighting       | |  0.7
Dodging        | |  2.4
Spellcasting   | |  1.5
Hexes          | |  4.0

Action                   |  1- 3 |  4- 6 || total
-------------------------+-------+-------++-------
 Fire: Sling             |   109 |    38 ||   147
 Cast: Slow              |     1 |       ||     1
  Use: Potion            |       |     2 ||     2
Armor: Robe              |     8 |     4 ||    12
Dodge: Dodged            |    30 |    13 ||    43

Table legend: (Time is in decaauts)
 A = Elapsed time spent in this place.
 B = Non-inter-level travel time spent in this place.
 C = Inter-level travel time spent in this place.
 D = Time resting spent in this place.
 E = Time spent auto-exploring this place.
 F = Levels seen in this place.
 G = Mean time per level.
                   A        B        C        D        E       F      G
               +--------+--------+--------+--------+--------+-----+--------+
         Total |   1791 |   1695 |     96 |     72 |   1286 |   5 |  358.2 |
       Dungeon |   1791 |   1695 |     96 |     72 |   1286 |   5 |  358.2 |
               +--------+--------+--------+--------+--------+-----+--------+

Top non-repeatable levels by time:
     D:1: 1112 daAuts
     D:2: 201 daAuts
     D:5: 192 daAuts
     D:3: 183 daAuts
     D:4: 102 daAuts
